 Dungeon Crawl Stone Soup version 0.18-a0-337-g1235303 (webtiles) character file.

605 nono the Covered (level 7, -5/44 HPs)
             Began as a Gargoyle Fighter on Nov 28, 2015.
             Was a Follower of Ashenzari.
             Slain by a moth of wrath (11 damage)
             ... on level 2 of the Dungeon.
             The game lasted 00:11:01 (4158 turns).

nono the Covered (Gargoyle Fighter)                 Turns: 4158, Time: 00:11:02

Health: -5/44      AC: 13    Str: 21    XL:     7   Next: 42%
Magic:  7/7        EV:  7    Int:  9    God:    Ashenzari [*.....]
Gold:   202        SH:  9    Dex:  9    Spells: 0 memorised, 6 levels left

rFire  . . .     SeeInvis .     a - +0 war axe (curse)
rCold  + . .     Clarity  .     s - +0 scale mail (curse)
rNeg   + . .     SustAt   +     c - +0 shield (curse)
rPois  ∞         Gourm    .     (no helmet)
rElec  +         Spirit   .     o - +0 cloak (curse)
rCorr  .         Warding  .     (no gloves)
rMut   .         Stasis   .     (no boots)
MR     .....                    (no amulet)
Stlth  ..........               m - ring of sustain attributes (curse)
                                q - ring of protection from cold (curse)

@: not resistant to hostile enchantments, extremely unstealthy
A: negative energy resistance 1, electricity resistance, unbreathing,
petrification resistance, rot immunity, AC +4
a: Scrying, Renounce Religion


You were on level 2 of the Dungeon.
You worshipped Ashenzari.
Ashenzari was aware of your devotion.
You were not hungry.

You visited 2 branches of the dungeon, and saw 6 of its levels.

You collected 202 gold pieces.

Inventory:

Hand Weapons
 a - a cursed +0 war axe (weapon)
Armour
 b - a +0 scale mail
 c - a cursed +0 shield (worn)
 o - a cursed +0 cloak (worn)
 s - a cursed +0 scale mail (worn)
 y - a cursed +0 plate armour
Jewellery
 m - a cursed ring of sustain attributes (right hand)
 q - a cursed ring of protection from cold (left hand)
Wands
 w - a wand of digging (11)
 x - a wand of slowing (11)
Scrolls
 g - 3 scrolls of identify
 i - 4 scrolls of teleportation {unknown}
 j - 2 scrolls of remove curse
 l - a scroll of recharging {unknown}
 n - a scroll of noise {unknown}
 t - 2 scrolls of curse jewellery
 u - 2 scrolls of curse armour
 A - a scroll of enchant weapon {unknown}
 C - a scroll of magic mapping {unknown}
Potions
 d - 3 potions of might
 h - 2 potions of curing {unknown}
 k - a potion of heal wounds {unknown}
 p - a potion of invisibility {unknown}
 r - a potion of lignification {unknown}
 z - a potion of flight {unknown}
 B - a potion of agility {unknown}
Comestibles
 e - 4 bread rations
 f - a beef jerky
 v - a meat ration


   Skills:
 + Level 5.1 Fighting
 * Level 4.4 Axes
 * Level 6.5 Armour
 - Level 3.2 Shields


You had 6 spell levels left.
You didn't know any spells.

Dungeon Overview and Level Annotations

Branches:
Dungeon (5/15)             Temple (1/1) D:4

Altars:
Ashenzari
Elyvilon
Fedhas
Gozag
Kikubaaqudgha
Makhleb
Ru
Sif Muna
Trog
Vehumet
Zin


Innate Abilities, Weirdness & Mutations

You are resistant to torment.
Your stone body is resilient (AC +4).
You are immune to poison.
You resist negative energy.
You are resistant to electric shocks.
You can survive without breathing.
You are immune to petrification.
You are immune to rotting.


Message History

You block the adder's attack.
You hit the adder.
You kill the adder!
You see here an adder corpse.
There's nothing to close nearby.
Evoke which item? (* to show all) (? for menu, Esc to quit)
Zapping:
w - a wand of digging (12)
Press: ? - help, Shift-Dir - straight line The rock shatters into small pieces.
This wand has 11 charges left.
The moth of wrath's fur bristles in rage as it notices you.
The moth of wrath bites you!
You closely miss the moth of wrath. The moth of wrath bites you!
You block the moth of wrath's attack.
You closely miss the moth of wrath. You block the moth of wrath's attack.
The moth of wrath bites you!
* * * LOW HITPOINT WARNING * * *
You slash the moth of wrath!
The moth of wrath is moderately wounded.
The moth of wrath bites you!
You die...

....# ###....## #......####
....######)......## #..........
....##.##.).......#####..........
....''.##)...#....##.............
....##.#.....##...##†##..........
....##.#.._.#.#...'..##..........
...)##.#....##....###########)...
###.#..##....#.y..### #.......
#.#..##)......@.#.# #.......
#.#...##........#.######...####
#>.....###....##...............
#.#.###########.....†......####
#.#.# #...# #............# #.#.#
#.#.###............# #.#.#
#.#).##............# #.#.#
#.##.##............#### #.#.#
#.##..#................


You could see a moth of wrath.

Vanquished Creatures
  An eye of draining (D:4)
  An ogre (D:5)
  Ijyb (D:2)
  2 orc wizards (D:4)
  3 worker ants
  A hound skeleton (D:4)
  4 gnolls (D:3)
  12 adders
  4 oozes
  An adder skeleton (D:4)
  6 worms (D:2)
  8 orcs
  4 bats
  2 giant cockroaches
  6 goblins
  6 hobgoblins
  12 jackals
  5 kobolds
  4 quokkas
  A giant gecko (D:3)
  3 giant newts
  8 rats
95 creatures vanquished.

Notes
Turn   | Place    | Note
--------------------------------------------------------------
     0 | D:1      | nono the Gargoyle Fighter began the quest for the Orb.
     0 | D:1      | Reached XP level 1. HP: 14/14 MP: 1/1
   243 | D:1      | Reached XP level 2. HP: 13/19 MP: 2/2
   510 | D:2      | Reached XP level 3. HP: 19/23 MP: 3/3
   524 | D:2      | Reached skill level 4 in Armour
   545 | D:2      | Noticed Ijyb
   560 | D:2      | Killed Ijyb
   560 | D:2      | Reached XP level 4. HP: 6/29 MP: 4/4
  1180 | D:2      | Found a sacrificial altar of Ru.
  1315 | D:2      | Reached XP level 5. HP: 33/33 MP: 5/5
  1685 | D:2      | Noticed a moth of wrath
  1687 | D:2      | Found a bloodstained altar of Trog.
  1849 | D:3      | Reached skill level 5 in Armour
  2518 | D:3      | Reached XP level 6. HP: 38/38 MP: 6/6
  2796 | D:4      | Found a staircase to the Ecumenical Temple.
  2803 | Temple   | Entered the Ecumenical Temple
  2827 | Temple   | Became a worshipper of Ashenzari the Shackled
  3263 | D:4      | Reached skill level 6 in Armour
  3304 | D:4      | Reached XP level 7. HP: 34/44 MP: 7/7
  3362 | D:4      | Reached * piety under Ashenzari
  3508 | D:4      | Found a deep blue altar of Sif Muna.
  3601 | D:5      | Entered Level 5 of the Dungeon
  3859 | D:5      | Reached skill level 5 in Fighting
  4158 | D:2      | Slain by a moth of wrath

Vault maps used:
D:1:      lemuel_arrival_cross
D:2:      tgw_trog, lemuel_doored_altar, first_bread, minmay_misc_feat_alley,
          minmay_misc_feat_four_crosses, hangedman_feature_mirror,
          grunt_decor_mini_mirrors, uniq_iyjb
D:4:      lemuel_blue_sif_altar, minmay_temple_entry_purple_smoke
Temple:   minmay_temple_bridge_a_8

Action                   |  1- 3 |  4- 6 |  7- 9 || total
-------------------------+-------+-------+-------++-------
Melee: War axe           |    66 |   274 |    89 ||   429
Evoke: Wand              |       |       |     1 ||     1
  Use: Scroll            |       |     5 |     1 ||     6
  Eat: Chunk             |       |     8 |     3 ||    11
